 Dungeon Crawl Stone Soup version 0.20.0-6-gd3061e9 (webtiles) character file.

54 tv1990 the Vexing (level 4, 0/34 HPs)
             Began as a Formicid Enchanter on May 28, 2017.
             Succumbed to an adder's poison
             ... on level 2 of the Dungeon.
             The game lasted 00:06:16 (2376 turns).

tv1990 the Vexing (Formicid Enchanter)              Turns: 2376, Time: 00:06:17

Health: 0/34       AC:  6    Str: 14    XL:     4   Next: 12%
Magic:  16/16      EV:  8    Int: 14    God:
Gold:   92         SH:  6    Dex: 11    Spells: 4/7 levels left

rFire    . . .     SeeInvis +   i - +0 hand axe
rCold    . . .     Gourm    .   k - +0 shield
rNeg     . . .     Faith    .   p - -2 ring mail (curse)
rPois    .         Spirit   .   (helmet unavailable)
rElec    .         Reflect  .   (no cloak)
rCorr    .         Harm     .   f - +2 pair of gloves
MR       .....                  (no boots)
Stlth    ++........             (no amulet)
Regen    0.2/turn               l - ring of magical power
MPRegen  0.2/turn               (no ring)

@: lethally poisoned (0 -> -2)
A: permanent stasis, dig shafts and tunnels, four strong arms, antennae 3
a: Dig, Shaft Self


You were on level 2 of the Dungeon.
You were not hungry.

You visited 1 branch of the dungeon, and saw 3 of its levels.

You collected 92 gold pieces.

Inventory:

Hand Weapons
 a - a +1 dagger
 i - a +0 hand axe (weapon)
Armour
 b - a +1 robe
 f - a +2 pair of gloves (worn)
 g - a +0 ring mail
 k - a +0 shield (worn)
 o - a +0 plate armour
 p - a cursed -2 ring mail (worn)
 s - a +0 cloak
Jewellery
 l - a ring of magical power (left hand)
Scrolls
 m - a scroll of amnesia
Potions
 e - 2 potions of brilliance
 h - 3 potions of might
Books
 c - a book of Maledictions

   Spells                             Type                      Level
   a - Corona                         Hexes                        1
   b - Ensorcelled Hibernation        Hexes/Ice                    2
   c - Confuse                        Hexes                        3
   d - Tukima's Dance                 Hexes                        3
   e - Dazzling Spray                 Conjuration/Hexes            3
Comestibles
 d - a bread ration
 j - 3 chunks of flesh
 q - 2 meat rations


   Skills:
 + Level 2.3 Fighting
 - Level 1.0 Short Blades
 + Level 2.0 Axes
 + Level 0.9 Armour
 - Level 1.7 Dodging
 - Level 3.6 Stealth
 + Level 0.0 Shields
 - Level 2.1 Spellcasting
 - Level 3.6 Hexes


You had 4 spell levels left.
You knew the following spells:

 Your Spells              Type           Power        Failure   Level  Hunger
a - Corona                Hex            ##.....      58%         1    #......
b - Ensorcelled Hibernat  Hex/Ice        #.....       94%         2    ###....


Dungeon Overview and Level Annotations

Branches:
Dungeon (3/15)

Altars:


Innate Abilities, Weirdness & Mutations

You cannot be hasted, slowed, berserked, paralysed or teleported.
You can dig through walls and to a lower floor.
Your four strong arms can wield two-handed weapons with a shield.
You have a pair of large antennae on your head. (SInv)


Message History

The leopard gecko bites you.
* * * LOW HITPOINT WARNING * * *
You climb upwards.
A bat comes into view.
There is a stone staircase leading down here.
Unknown command.
Okay, then.
* * * LOW HITPOINT WARNING * * *
You feel sick.
You miss the leopard gecko. You block the leopard gecko's attack.
The leopard gecko bites you but does no damage.
Your shield and ring mail prevent you from hitting the leopard gecko.
The leopard gecko bites you.
* * * LOW HITPOINT WARNING * * *
Okay, then.
Okay, then.
As you read the scroll labeled HUASMU ONLEECO, it crumbles to dust.
It is a scroll of recharging.
You aren't carrying any rechargeable items.
You die...

#.#.# #.# #.#.#
#.#.###.###.#.######
########.#................#
.......#.#####.###.#.#.####
#####.##.# #.# #.#.#.#
#.##.# #.# #.#.#.# #.##.#
#.# #.#.#.# #.##.#
#.###.#.#.#
#####.##.#####{#@..#.#.#
...............l.###.#.#
#.....##.#.###.#.# #.#.#
#.....##.#.# #.#.# #.#.#
#........#.# #.#.# #.#.#
.....)####.###.#.###.#.#
..................##.#.#
.##.#.####.#####.....#.#
.##.#......###########.#


You could see a leopard gecko.

Vanquished Creatures
  An adder (D:2)
  An ooze (D:1)
  A worm (D:2)
  3 bats
  3 giant cockroaches (D:2)
  5 goblins
  5 hobgoblins
  2 quokkas (D:2)
  2 ball pythons
  3 frilled lizards
  5 kobolds
  7 rats
38 creatures vanquished.

Notes
Turn   | Place    | Note
-------+----------+-------------------------------------------
     0 | D:1      | tv1990 the Formicid Enchanter began the quest for the Orb.
     0 | D:1      | Reached XP level 1. HP: 13/13 MP: 3/3
    77 | D:1      | Reached skill level 1 in Fighting
   231 | D:1      | Reached XP level 2. HP: 6/22 MP: 5/5
   451 | D:1      | Learned a level 2 spell: Ensorcelled Hibernation
   938 | D:1      | Reached skill level 1 in Axes
   951 | D:1      | Reached XP level 3. HP: 22/27 MP: 6/6
  1844 | D:2      | Reached XP level 4. HP: 18/34 MP: 7/7
  2356 | D:2      | You fall through a shaft!
  2375 | D:2      | HP: 1/34 [leopard gecko (2)]
  2376 | D:2      | Succumbed to an adder's poison

Skill      XL: |  1  2  3 |
---------------+----------+-----
Fighting       | 1 2 |  2.3
Axes           | 1 2 |  2.0
Short Blades   | |  1.0
Armour         | |  0.9
Dodging        | |  1.7
Stealth        | |  3.6
Spellcasting   | |  2.1
Hexes          | |  3.6

Action                   |  1- 3 |  4- 6 || total
-------------------------+-------+-------++-------
Melee: Dagger            |    26 |       ||    26
       Hand axe          |   122 |    30 ||   152
 Abil: Dig               |     1 |       ||     1
       Shaft Self        |       |     1 ||     1
  Use: Scroll            |     7 |     1 ||     8
       Potion            |     2 |       ||     2
 Stab: Sleeping          |     3 |     3 ||     6
  Eat: Chunk             |     3 |     2 ||     5
Armor: Robe              |    16 |       ||    16
       Ring mail         |    27 |     8 ||    35
Dodge: Dodged            |    96 |    13 ||   109
Block: Shield            |       |    11 ||    11

Vault maps used:
D:1:      dpeg_arrival_pits, serial_forest, infiniplex_forest_join,
          infiniplex_forest_lined_ring, infiniplex_forest_zigzag_1,
          infiniplex_forest_straight_5, infiniplex_forest_straight_4,
          infiniplex_forest_end_2, infiniplex_forest_clump_cross,
          grunt_decor_one_mirror
D:2:      grunt_decor_clamped
D:3:      okawaru_altar_gauntlet_db
